 Dungeon Crawl Stone Soup version 0.15-a0-877-g2926600 (webtiles) character file.

25 Amnesiac the Magician (level 3, -1/24 HPs)
             Began as a Human Wizard on May 17, 2014.
             Slain by a goblin
             ... wielding a +0,+0 club
              (3 damage)
             ... on Level 3 of the Dungeon.
             The game lasted 00:03:24 (630 turns).

Amnesiac the Magician (Human Wizard)                 Turns: 630, Time: 00:03:24

HP  -1/24        AC  3     Str  7      XL: 3   Next: 17%
MP   1/7         EV 12     Int 19      God:
Gold 17          SH  0     Dex 11      Spells:  3 memorised,  3 levels left

rFire  . . .     SeeInvis .     j - +0 dagger
rCold  . . .     Clarity  .     a - +0 robe
rNeg   . . .     Conserve .     (no shield)
rPois  .         rCorr    .     b - +1 hat
rElec  .         rRot     .     (no cloak)
SustAb .         Spirit   .     (no gloves)
rMut   .         Warding  .     (no boots)
Gourm  .         Stasis   .     (no amulet)
MR     .....                    (no ring)
                                (no ring)

@: repel missiles, lethally poisoned, glowing, not resistant to hostile
enchantments, very unstealthy
A: no striking features
a: no special abilities


You were on level 3 of the Dungeon.
You were not hungry.

You visited 1 branch of the dungeon, and saw 3 of its levels.

You collected 17 gold pieces.

Inventory:

Hand weapons
 g - a +0,+0 club
 j - a +0,+0 dagger (weapon)
Armour
 a - a +0 robe (worn)
 b - a +1 hat (worn)
Comestibles
 d - 2 bread rations
 h - a meat ration
Jewellery
 k - a +4 ring of protection {unknown}
Books
 c - a book of Minor Magic

   Spells                             Type                      Level
   *Magic Dart                        Conjuration                  1
   Blink                              Translocation                2
   *Call Imp                          Summoning                    2
   *Repel Missiles                    Charms/Air                   2
   Slow                               Hexes                        2
   Conjure Flame                      Conjuration/Fire             3
   Mephitic Cloud                     Conjuration/Poison/Air       3


   Skills:
 - Level 2.0 Dodging
 - Level 2.0 Stealth
 - Level 3.0 Spellcasting
 + Level 2.8 Conjurations
 - Level 1.0 Summonings
   Level 1.0 Translocations


You had 3 spell levels left.
You knew the following spells:

 Your Spells              Type           Power        Failure   Level  Hunger
a - Repel Missiles        Chrm/Air       #.....       24%         2    ##.....
d - Call Imp              Summ           #.......     17%         2    ##.....
z - Magic Dart            Conj           ##..         6%          1    None


Dungeon Overview and Level Annotations

Branches:
Dungeon (3/15)

Altars:

Annotations:
D:3 Scisco's ghost, weakling SpEn


Message History

The magic dart hits the goblin.
The goblin is heavily wounded.
Your crimson imp hits the adder.
The goblin hits you but does no damage. The adder bites you.
* * * LOW HITPOINT WARNING * * *
Your crimson imp misses the adder.
You barely miss the goblin.
The goblin is heavily wounded.
Your crimson imp blinks!
The adder barely misses you. The goblin barely misses you.
Your crimson imp hits the adder but does no damage.
You aren't carrying any potions.
Unknown command.
Read which item? (? for menu, Esc to quit)
Okay, then.
You completely miss the goblin.
The goblin is heavily wounded.
* * * LOW HITPOINT WARNING * * *
You feel sick. The adder barely misses you. The goblin hits you with a club.
You die...

. .... ..... ......
.......
....#######.(.....
......og@.#...$...
.########S#........
#..5ยง.$......
#)....######.
#.....# #...).#
#.......# #.......#
#.......#


You could see an adder, an orc, a goblin and a friendly crimson imp.

Vanquished Creatures
  An adder (D:3)
  A giant gecko (D:1)
  2 bats
  A giant cockroach (D:1)
  5 goblins
  A hobgoblin (D:1)
  2 rats (D:1)
13 creatures vanquished.

Notes
Turn   | Place    | Note
--------------------------------------------------------------
     0 | D:1      | Amnesiac, the Human Wizard, began the quest for the Orb.
     0 | D:1      | Reached XP level 1. HP: 13/13 MP: 4/4
     4 | D:1      | Noticed an iron imp
     5 | D:1      | Noticed Ewecimpi the pandemonium lord
     5 | D:1      | Noticed an iron imp
    12 | D:1      | Noticed an Executioner
    15 | D:1      | Noticed an orange demon
    33 | D:1      | Noticed a chaos spawn
    35 | D:1      | Noticed a hell beast
   199 | D:1      | Reached XP level 2. HP: 11/19 MP: 3/6
   230 | D:1      | Learned a level 2 spell: Repel Missiles
   572 | D:3      | Reached XP level 3. HP: 20/24 MP: 0/7
   611 | D:3      | Noticed Scisco's ghost (weakling SpEn)
   614 | D:3      | Learned a level 2 spell: Call Imp
   630 | D:3      | Slain by a goblin

Action                   || total
-------------------------++-------
Melee: Club              ||     9
       Dagger            ||    10
 Cast: Magic Dart        ||    27
       Repel Missiles    ||     1
       Call Imp          ||     2
  Use: Potion            ||     1
       Scroll            ||     2
 Stab: Sleeping          ||     1
